 Dungeon Crawl Stone Soup version 0.30-a0-916-g9813417 (webtiles) character file.

Game seed: 13460441111632512004

251 Illumine the Chiller (level 5, 0/35 HPs)
             Began as a Demonspawn Ice Elementalist on Mar 21, 2023.
             Slain by a kobold
             ... wielding a +0 club
              (4 damage)
             ... on level 6 of the Dungeon.
             The game lasted 00:05:08 (2671 turns).

Illumine the Chiller (Demonspawn Ice Elementalist)  Turns: 2671, Time: 00:05:08

Health: 0/35       AC:  6    Str:  8    XL:     5   Next: 88%
Magic:  10/10      EV: 12    Int: 19    God:
Gold:   73         SH:  0    Dex: 13    Spells: 4/11 levels left

rFire   . . .      SeeInvis .    s - +1 mace (venom)
rCold   . . .      Faith    .    (no shield)
rNeg    + . .      Spirit   .    a - +0 robe
rPois   .          Reflect  .    u - +2 helmet
rElec   .          Rampage  .    (no cloak)
rCorr   .                        i - +0 pair of gloves
Will    .....                    (no boots)
Stlth   ++                       (no amulet)
HPRegen 0.25/turn                f - ring of positive energy
MPRegen 0.12/turn                m - ring of flight

@: flying
A: demonic magic 2, weakness stinger 1
a: no special abilities


You were on level 6 of the Dungeon.
You visited 1 branch of the dungeon, and saw 5 of its levels.

You collected 115 gold pieces.
You spent 42 gold pieces at shops.

Inventory:

Hand Weapons
 s - a +1 mace of venom (weapon)
Armour
 a - a +0 robe (worn)
 i - a +0 pair of gloves (worn)
 u - a +2 helmet (worn)
Jewellery
 f - a ring of positive energy (left hand)
 m - a ring of flight (right hand)
Wands
 q - a wand of flame (20)
 v - a wand of mindburst (15)
Scrolls
 d - a scroll of poison
 h - a scroll of acquirement {unknown}
 l - a scroll of identify
 r - a scroll of fog
 t - a scroll of vulnerability {unknown}
Potions
 b - 2 potions of magic
 c - a potion of heal wounds
 e - a potion of brilliance {unknown}
 g - a potion of flight {unknown}
 j - a potion of might {unknown}
 k - a potion of attraction {unknown}
 n - a potion of curing
 o - a potion of invisibility {unknown}


   Skills:
 - Level 1.7 Dodging
 - Level 1.7 Stealth
 + Level 3.7 Spellcasting
 * Level 5.7 Ice Magic


You had 4 spell levels left.
You knew the following spells:

 Your Spells              Type           Power      Damage    Failure   Level
a - Freeze                Ice            100%       1d10      1%          1
b - Frozen Ramparts       Ice            50%        1d8       4%          3
c - Ozocubu's Armour      Ice            25%        N/A       4%          3

Your spell library contained the following spells:

 Spells                   Type           Power      Damage    Failure   Level
 Kiss of Death            Conj/Necr      12%        2d6       14%         1
 Confusing Touch          Hex            3%         N/A       38%         3
 Summon Ice Beast         Ice/Summ       14%        N/A       41%         4
 Dispel Undead            Necr           3%         3d7       80%         4


Dungeon Overview and Level Annotations

Branches:
Dungeon (7/15)
 Temple: D:4-7

Altars:

Shops:
D:2 !


Innate Abilities, Weirdness & Mutations

Spells you cast may paralyse nearby enemies.
You have a small tail.


Message History

The gnoll bouda barks out a call to the hunt!
The gnolls pick up the pace!
The orc hits you but does no damage.
The orc zaps a wand.
Some rock shatters into small pieces.
You hear a distant slurping noise.
The centaur shoots an arrow.
The arrow hits you!
The centaur shoots an arrow.
The arrow hits you.
The centaur shoots an arrow.
The arrow hits you.
The centaur shoots an arrow.
The arrow barely misses you.
The orc zaps a wand.
Some rock shatters into small pieces.
The centaur shoots an arrow.
The arrow closely misses you.
Your attacks no longer feel as feeble.
There is a stone staircase leading up here.
The gnoll misses you.
You fly upwards.
The centaur shouts!
The kobold shouts! x2; The kobold brigand shouts!
The centaur shouts!
You hear a shout!
The hound barks!
The centaur closely misses you. The centaur kicks you.
The centaur wields a +0 shortbow.
The centaur shoots an arrow.
The arrow hits you.
* * * LOW HITPOINT WARNING * * *
Found a scroll labelled TAITAWU NAOTS, a potion of curing and 15 gold pieces.
Found a stone staircase leading up.
There is a stone staircase leading down here.
Unknown command.
As you read the scroll of fog, it crumbles to dust.
The scroll dissolves into smoke.
The centaur barely misses you.
The centaur kicks you but does no damage.
The kobold throws a poisoned dart.
The poisoned dart barely misses you.
A kobold comes into view. It is wielding a +0 club.
The gnoll completely misses you.
An ufetubus comes into view.
The centaur hits you.
* * * LOW HITPOINT WARNING * * *
The centaur kicks you but does no damage.
As you read the scroll labelled TAITAWU NAOTS, it crumbles to dust.
It is a scroll of identify.
d - a scroll of poison The kobold hits you with a +0 club.
You die... 5

.. .. <# #. ..
.. ..# #.###.
.###.c.
#.h...#.......
.............
...§.§.....
#§§K§.K...
#§@K§....K
#§g§cK.....
#.§#§.......
...!##.....#.
##.. ####.#
##. # . .#


You could see a centaur, a hound, a gnoll (swift), an ufetubus (wandering) and 3
kobolds.

Vanquished Creatures
  A bullfrog (D:7)
  A hound (D:7)
  An orc priest (D:7)
  An iguana (D:3)
  Robin (D:2)
  3 adders (D:2)
  3 worms
  3 orcs (D:7)
  3 bats
  2 endoplasms
  A giant cockroach (D:1)
  9 goblins
  8 hobgoblins (D:2)
  4 jackals (D:1)
  2 quokkas
  3 ball pythons
  2 frilled lizards
  4 kobolds
  3 rats
55 creatures vanquished.

Vanquished Creatures (others)
  5 toadstools (D:1)
5 creatures vanquished.

Grand Total: 60 creatures vanquished

Notes
Turn   | Place    | Note
-------+----------+-------------------------------------------
     0 | D:1      | Illumine the Demonspawn Ice Elementalist began the quest
                  | for the Orb.
     0 | D:1      | Reached XP level 1. HP: 13/13 MP: 3/3
   322 | D:1      | Found a faded altar of an unknown god.
   383 | D:1      | Gained mutation: Spells you cast may paralyse adjacent
                  | enemies. [demonic ancestry]
   383 | D:1      | Reached XP level 2. HP: 19/19 MP: 3/5
   823 | D:1      | Reached skill level 4 in Ice Magic
  1169 | D:2      | Noticed Robin
  1267 | D:2      | Gained mutation: You have a small tail. [demonic ancestry]
  1267 | D:2      | Reached XP level 3. HP: 24/24 MP: 2/6
  1382 | D:2      | Found Xuickop's Distillery.
  1390 | D:2      | Bought a potion of curing for 42 gold pieces
  1589 | D:2      | Learned a level 3 spell: Frozen Ramparts
  1593 | D:2      | Learned a level 3 spell: Ozocubu's Armour
  1898 | D:2      | Gained mutation: Spells you cast may paralyse nearby
                  | enemies. [demonic ancestry]
  1898 | D:2      | Reached XP level 4. HP: 22/30 MP: 2/8
  1909 | D:2      | Killed Robin
  2253 | D:3      | Reached skill level 5 in Ice Magic
  2482 | D:3      | You are sucked into a shaft and drop 3 floors!
  2483 | D:6      | Noticed a centaur
  2483 | D:6      | Noticed a water moccasin
  2486 | D:6      | Noticed an ogre
  2489 | D:7      | Noticed a bullfrog
  2499 | D:7      | Killed a bullfrog
  2500 | D:7      | Reached XP level 5. HP: 31/35 MP: 3/10
  2653 | D:7      | Noticed a black bear
  2658 | D:7      | Noticed a centaur
  2669 | D:6      | Noticed a centaur
  2669 | D:6      | Noticed a centaur
  2671 | D:6      | Slain by a kobold

Illustrated notes

Levels and vault maps discovered:
D:1:      ldierk_walled_garden, layout_basic,
          shapermc_ecumenical_altar_flowoftime, corexii_corridor_pit
D:2:      layout_loops_ring, serial_shops, shop, uniq_robin
D:3:      layout_loops_ring, serial_aquarium, aquarium_bridge_long_separate
          [aquarium_subvault_bridge, aquarium_subvault_balcony,
          aquarium_subvault_wall, aquarium_subvault_bridge,
          aquarium_subvault_balcony, aquarium_subvault_wall],
          aquarium_bridge_square [aquarium_subvault_bridge,
          aquarium_subvault_balcony, aquarium_subvault_wall,
          aquarium_subvault_bridge], aquarium_window_corridor_3,
          aquarium_window_fake, aquarium_window_1, aquarium_window_1,
          aquarium_view_4, hellmonk_no_cap
D:6:      hangedman_cross_stitches, layout_rooms, fedhas_altar_2,
          minmay_temple_entry_large_hall, minmay_bent, uniq_prince_ribbit1
D:7:      layout_gridville

Skill      XL: |  1  2  3  4 |
---------------+-------------+-----
Ice Magic      | 4 5 |  5.7
Spellcasting   | 3 |  3.7
Dodging        | |  1.7
Stealth        | |  1.7

Action                     |  1- 3 |  4- 6 || total
---------------------------+-------+-------++-------
  Melee: Mace              |    23 |    17 ||    40
         Tailslap          |     6 |     2 ||     8
   Cast: Freeze            |    48 |    13 ||    61
         Frozen Ramparts   |     1 |     4 ||     5
    Use: Scroll            |       |     5 ||     5
   Stab: Paralysed         |     6 |     8 ||    14
 Armour: Robe              |    17 |     7 ||    24
  Dodge: Dodged            |    27 |    24 ||    51

Table legend: (Time is in decaauts)
 A = Elapsed time spent in this place.
 B = Non-inter-level travel time spent in this place.
 C = Inter-level travel time spent in this place.
 D = Time resting spent in this place.
 E = Time spent auto-exploring this place.
 F = Levels seen in this place.
 G = Mean time per level.
                   A        B        C        D        E       F      G
               +--------+--------+--------+--------+--------+-----+--------+
         Total |   2689 |   2529 |    160 |    237 |   1837 |   5 |  537.8 |
       Dungeon |   2689 |   2529 |    160 |    237 |   1837 |   5 |  537.8 |
               +--------+--------+--------+--------+--------+-----+--------+

Top non-repeatable levels by time:
     D:1: 1243 daAuts
     D:2: 1003 daAuts
     D:3: 251 daAuts
     D:7: 184 daAuts
     D:6: 7 daAuts
